AoeStats
← 10GS | Irænko

Arabia

508546079Analyzed
1v1 RM · 10d ago on Sep 23, 2026· 32m 5s· 2 players
Game mode
Random Map
Map size
Tiny (2 player)
Population
200
Speed
Normal
Resources
Standard
Victory
Conquest
Starting age
Dark Age
Ending age
Imperial Age
RankedLock teamsTeams togetherTeam positionsShared explorationLock speedFull tech treeHidden civsTurbo modeCheats
Victory
Defeat
🇺🇸 Danes · United States
999
+16
🇨🇱 Sicilians · Chile
998
-16
10GS | Irænko
2:44 Loom
9:33 Feudal Age
10:02 Double-Bit Axe
10:09 Horse Collar
11:47 Town Watch
16:18 Fletching
17:16 Scale Mail Armor
24:19 Castle Age
23:07 Padded Archer Armor
25:41 Wheelbarrow
25:14 Gold Mining
25:16 Stone Mining
24:56 Elite Skirmisher
26:04 Bodkin Arrow
29:54 Bow Saw
30:39 Town Patrol
victor.shultz
9:41 Feudal Age
10:27 Loom
10:07 Man-at-Arms
10:57 Double-Bit Axe
12:00 Arson
15:51 Horse Collar
17:00 Town Watch
21:10 Castle Age
20:34 Fletching
21:39 Stone Mining
23:45 Bodkin Arrow
24:38 Padded Archer Armor
26:31 Leather Archer Armor
26:20 Gold Mining
29:38 Wheelbarrow
Connection lost

Rejoining the realm…

Still unreachable

The connection could not be restored.

Session expired

The server has moved on; the page needs a fresh start.